 Dungeon Crawl Stone Soup version 0.31-a0-175-g9f7f995f2b (webtiles) character file.

Game seed: 15973212419911660501

207 qw the Shooter (level 5, -1/49 HPs)
             Began as a Naga Hunter on June 16, 2023.
             Slain by a gnoll
             ... wielding a +0 halberd
             ... led by a gnoll bouda
              (9 damage)
             ... on level 4 of the Dungeon.
             The game lasted 00:00:55 (2147 turns).

qw the Shooter (Naga Hunter)                        Turns: 2147, Time: 00:00:55

Health: -1/49      AC:  3    Str: 19    XL:     5   Next: 85%
Magic:  5/5        EV:  9    Int:  9    God:
Gold:   238        SH:  0    Dex: 17    Spells: 4/4 levels left

rFire   . . .        Y - +0 shortbow
rCold   . . .        (shield currently unavailable)
rNeg    . . .        c - +0 leather armour
rPois   +            (no helmet)
rElec   .            (no cloak)
rCorr   .            (no gloves)
SInv    +            (no barding)
Will    .....        (no amulet)
Stlth   ++           e - +6 ring of strength
HPRegen 0.28/turn    (no ring)
MPRegen 0.09/turn

%: no passive effects
@: about to teleport, short of breath, very slow
A: AC +1, large, see invisible, deformed body, poison resistance, slowness 2,
spit poison 1, naga tail 1
a: Spit Poison


You were on level 4 of the Dungeon.
You visited 1 branch of the dungeon, and saw 4 of its levels.

You collected 238 gold pieces.


Innate Abilities, Weirdness & Mutations

Your serpentine skin is tough. (AC +1)
You have supernaturally acute eyesight. (SInv)
Armour fits poorly on your strangely shaped body.
Your system is resistant to poisons. (rPois)
You cover ground very slowly.
You can spit poison.
You have a snake-like lower body.


   Skills:
 - Level 3.0 Fighting
 + Level 5.9 Ranged Weapons
 - Level 1.5 Dodging
 - Level 1.5 Stealth


You had 4 spell levels left.
You didn't know any spells.
Your spell library was empty.

Inventory:

Hand Weapons
 Y - a +0 shortbow (weapon)
Armour
 c - a +0 leather armour (worn)
Jewellery
 e - a +6 ring of strength (left hand)
Scrolls
 a - 2 scrolls of teleportation
 i - 2 scrolls of identify
Potions
 b - a potion of berserk rage {unknown}
 f - a potion of haste

Dungeon Overview and Level Annotations

Branches:
Dungeon (4/15)
 Temple: D:4-7

Altars:
Makhleb
Xom

Annotations:
D:3 1 runed translucent door, qw's ghost, amateur NaHu


Message History

The gnoll bouda barks out a call to the hunt!
The gnoll picks up the pace!
The gnoll hits you from afar with a +0 halberd!
2142 ||| INVOKING Spit Poison.
Aiming: Spit Poison (1% risk of failure)
Press: ? - help, Shift-Dir - straight line, f/p - gnoll bouda The splash of poison hits the gnoll bouda!
The gnoll bouda is almost dead.
The gnoll bouda hits you with a +0 club!
The gnoll hits you from afar with a +0 spear.
The gnoll barely misses you.
You shoot an arrow.
The arrow hits the gnoll bouda but does no damage.
The gnoll bouda is almost dead.
You hear a shout!
The gnoll bouda hits you with a +0 club.
The gnoll closely misses you. x2
You shoot an arrow. The arrow hits the gnoll bouda.
You kill the gnoll bouda!
The gnoll hits you from afar with a +0 halberd!
The gnoll closely misses you.
2145 ||| READING 3 scrolls of teleportation.
As you read the scroll of teleportation, it crumbles to dust.
You feel strangely unstable. The gnoll barely misses you.
The gnoll hits you from afar with a +0 spear.
The gnoll barely misses you.
You shoot an arrow. The arrow hits the gnoll.
The gnoll is heavily wounded.
You have got your breath back.
The gnoll closely misses you.
The gnoll hits you from afar with a +0 spear.
The gnoll hits you but does no damage.
2147 ||| INVOKING Spit Poison.
Aiming: Spit Poison (1% risk of failure)
Press: ? - help, Shift-Dir - straight line, f/p - gnoll The splash of poison hits the gnoll.
The gnoll is poisoned.
The gnoll is severely wounded.
The gnoll hits you from afar with a +0 halberd!
You die...

..###. ..... .....
..g...## g g....# #. #
#g.[#g.####..#.. #.
#.#.##g.........
##..#g#.#.@.........
........#)..........
..........ggg..........
.......................
........................
...............)...#....
..............#.#...#....
#..........######........
...........#####........


You could see 5 gnolls.

Vanquished Creatures
  A crimson imp (D:3)
  A hound (D:4)
  A gnoll bouda (D:4)
  A sleepcap (D:3)
  3 worms
  5 orcs
  4 ball pythons
  6 bats
  7 endoplasms
  3 giant cockroaches
  9 goblins
  10 hobgoblins
  3 quokkas
  4 frilled lizards
  6 kobolds
  4 rats
68 creatures vanquished.

Notes
Turn   | Place    | Note
-------+----------+-------------------------------------------
     0 | D:1      | qw the Naga Hunter began the quest for the Orb.
     0 | D:1      | Reached XP level 1. HP: 19/19 MP: 1/1
     0 | D:1      | 0 ||| qw: Version: 0.2-a-29-g511e9b1
     0 | D:1      | 0 ||| qw: Game counter: 5849
     0 | D:1      | 0 ||| qw: Always use a shield: true
     0 | D:1      | 0 ||| qw: God list: Okawaru
     0 | D:1      | 0 ||| qw: Allow faded altars: false
     0 | D:1      | 0 ||| qw: Do Orc after D:15 true
     0 | D:1      | 0 ||| qw: Do second Lair branch before Depths: true
     0 | D:1      | 0 ||| qw: Lair rune preference: random
     0 | D:1      | 0 ||| qw: Plans: Normal
     0 | D:1      | 0 ||| PLANNING D:1-11
    33 | D:1      | 33 ||| INVOKING Spit Poison.
   103 | D:1      | 103 ||| INVOKING Spit Poison.
   121 | D:1      | 121 ||| INVOKING Spit Poison.
   152 | D:1      | 152 ||| INVOKING Spit Poison.
   154 | D:1      | Reached skill level 4 in Ranged Weapons
   154 | D:1      | Reached XP level 2. HP: 26/26 MP: 2/2
   185 | D:1      | 185 ||| INVOKING Spit Poison.
   250 | D:1      | 250 ||| INVOKING Spit Poison.
   254 | D:1      | 254 ||| INVOKING Spit Poison.
   277 | D:1      | 277 ||| INVOKING Spit Poison.
   283 | D:1      | 283 ||| INVOKING Spit Poison.
   289 | D:1      | 289 ||| INVOKING Spit Poison.
   297 | D:1      | 297 ||| INVOKING Spit Poison.
   313 | D:1      | 313 ||| INVOKING Spit Poison.
   487 | D:1      | 487 ||| INVOKING Spit Poison.
   507 | D:1      | 507 ||| INVOKING Spit Poison.
   597 | D:1      | 597 ||| READING scroll labelled POV XUEJUE.
   602 | D:1      | 602 ||| READING scroll labelled JYDUPIU GIUHIH.
   603 | D:1      | 603 ||| READING scroll labelled KUFINU VANAPH.
   604 | D:1      | 604 ||| DROPPING scroll of butterflies.
   620 | D:2      | 620 ||| INVOKING Spit Poison.
   632 | D:2      | 632 ||| INVOKING Spit Poison.
   637 | D:2      | 637 ||| INVOKING Spit Poison.
   638 | D:2      | Reached XP level 3. HP: 29/32 MP: 3/3
   641 | D:2      | 641 ||| INVOKING Spit Poison.
   680 | D:2      | 680 ||| INVOKING Spit Poison.
   779 | D:2      | Identified the staff of fire "Xeleid" {rF+ Will+ Str+3}
   791 | D:2      | 791 ||| INVOKING Spit Poison.
   798 | D:2      | 798 ||| INVOKING Spit Poison.
   907 | D:2      | 907 ||| INVOKING Spit Poison.
   913 | D:2      | 913 ||| INVOKING Spit Poison.
   919 | D:2      | 919 ||| INVOKING Spit Poison.
   923 | D:2      | 923 ||| INVOKING Spit Poison.
  1143 | D:2      | 1143 ||| INVOKING Spit Poison.
  1185 | D:2      | 1185 ||| INVOKING Spit Poison.
  1218 | D:2      | 1218 ||| UPGRADING to +6 ring of strength.
  1219 | D:2      | 1219 ||| READING scroll labelled CEUKHLYDUSI.
  1220 | D:2      | 1220 ||| READING 2 scrolls labelled IDOCIO CAAT.
  1221 | D:2      | 1221 ||| READING 2 scrolls labelled OLUSTRI FAINAO.
  1222 | D:2      | 1222 ||| DROPPING scroll of revelation.
  1223 | D:2      | 1223 ||| DROPPING scroll of vulnerability.
  1234 | D:3      | 1234 ||| PLANNING SEWER
  1236 | D:3      | 1236 ||| INVOKING Spit Poison.
  1241 | D:3      | 1241 ||| INVOKING Spit Poison.
  1254 | D:3      | Reached skill level 5 in Ranged Weapons
  1254 | D:3      | Reached XP level 4. HP: 39/39 MP: 4/4
  1280 | D:3      | 1280 ||| INVOKING Spit Poison.
  1317 | D:3      | 1317 ||| INVOKING Spit Poison.
  1320 | D:3      | Found a faded altar of an unknown god.
  1371 | D:3      | Found a shimmering altar of Xom.
  1371 | D:3      | Found a burning altar of Makhleb.
  1382 | D:3      | Reached skill level 3 in Fighting
  1497 | D:3      | 1497 ||| INVOKING Spit Poison.
  1501 | D:3      | 1501 ||| INVOKING Spit Poison.
  1504 | D:3      | 1504 ||| INVOKING Spit Poison.
  1522 | D:3      | 1522 ||| INVOKING Spit Poison.
  1527 | D:3      | 1527 ||| INVOKING Spit Poison.
  1564 | D:3      | 1564 ||| INVOKING Spit Poison.
  1599 | D:3      | 1599 ||| INVOKING Spit Poison.
  1600 | D:3      | 1600 ||| INVOKING Spit Poison.
  1693 | D:3      | Found a runed translucent door.
  1695 | D:3      | Noticed qw's ghost (amateur NaHu)
  1715 | D:3      | 1715 ||| RIP SEWER
  1750 | D:3      | 1750 ||| PLANNING D:1-11
  1750 | D:3      | 1750 ||| INVOKING Spit Poison.
  1751 | D:3      | 1751 ||| Stepping ~*~*~tactically~*~*~ (outnumbered).
  1755 | D:3      | 1755 ||| INVOKING Spit Poison.
  1836 | D:3      | 1836 ||| READING 2 scrolls labelled HOCELA GIUHYG.
  1837 | D:3      | 1837 ||| DRINKING 2 glowing coppery potions.
  1838 | D:3      | 1838 ||| DRINKING 2 viscous coppery potions.
  1839 | D:3      | 1839 ||| READING 4 scrolls of identify.
  1839 | D:3      | 1839 ||| IDENTIFYING emerald potion
  1840 | D:3      | 1840 ||| READING 3 scrolls of identify.
  1840 | D:3      | 1840 ||| IDENTIFYING viscous green potion
  1841 | D:3      | 1841 ||| DROPPING potion of attraction.
  1842 | D:3      | 1842 ||| DROPPING scroll of blinking.
  1843 | D:3      | 1843 ||| DROPPING potion of brilliance.
  1844 | D:3      | 1844 ||| DROPPING potion of degeneration.
  1879 | D:4      | 1879 ||| INVOKING Spit Poison.
  1886 | D:4      | Reached XP level 5. HP: 46/49 MP: 5/5
  1887 | D:4      | 1887 ||| STAIRDANCE
  2100 | D:4      | 2100 ||| INVOKING Spit Poison.
  2103 | D:4      | 2103 ||| INVOKING Spit Poison.
  2119 | D:4      | 2119 ||| INVOKING Spit Poison.
  2136 | D:4      | 2136 ||| INVOKING Spit Poison.
  2137 | D:4      | 2137 ||| Stepping ~*~*~tactically~*~*~ (outnumbered).
  2138 | D:4      | 2138 ||| Stepping ~*~*~tactically~*~*~ (outnumbered).
  2142 | D:4      | 2142 ||| INVOKING Spit Poison.
  2144 | D:4      | HP: 12/49 [gnoll/+0 halberd[a gnoll bouda] (15)]
  2145 | D:4      | 2145 ||| READING 3 scrolls of teleportation.
  2147 | D:4      | 2147 ||| INVOKING Spit Poison.
  2147 | D:4      | Slain by a gnoll

Levels and vault maps discovered:
D:1:      dpeg_arrival_stone_temple_mockup, layout_basic
D:2:      layout_loops_cross, minmay_tromino_v7
D:3:      layout_rooms, grunt_temple_overflow_champion_of_chaos,
          shapermc_ecumenical_altar_venn, gup_sewer_entry_bowl,
          ebering_ghost_reflecting_pool, minmay_cut_off
D:4:      layout_cave_pools, serial_shops, shop

Skill      XL: |  1  2  3  4 |
---------------+-------------+-----
Ranged Weapons | 4 5 |  5.9
Fighting       | 3 |  3.0
Dodging        | |  1.5
Stealth        | |  1.5

Action                     |  1- 3 |  4- 6 || total
---------------------------+-------+-------++-------
   Fire: Shortbow          |    60 |    67 ||   127
Ability: Spit Poison       |    29 |    18 ||    47
    Use: Scroll            |     6 |     4 ||    10
         Potion            |       |     2 ||     2
 Armour: Leather armour    |     5 |     7 ||    12
  Dodge: Dodged            |    10 |    16 ||    26

Table legend:
 A = Non-vault XP
 B = Vault XP
 C = Vault XP percentage of total XP
 D = Non-vault monster count
 E = Vault monster count
 F = Vault count percentage of total count
                 A         B        C        D         E       F
            +---------+---------+-------+---------+---------+-------
      Total |     223 |      73 |  24.7 |      55 |      13 |  19.1
            +---------+---------+-------+---------+---------+-------
        D:1 |      31 |       0 |   0.0 |      20 |       0 |   0.0
        D:2 |      27 |       8 |  22.9 |      12 |       4 |  25.0
        D:3 |      69 |      65 |  48.5 |      16 |       9 |  36.0
        D:4 |      96 |       0 |   0.0 |       7 |       0 |   0.0
            +---------+---------+-------+---------+---------+-------
